TOP OF THE 1ST |
Tortolita Drummers batting - Pitching for Phoenix Hotspur Reserves : RHP Kenny Kawaguchi
|
Pitching: RHP Kenny Kawaguchi
|
|
Batting: RHB Sean Godron
|
0-0: Called Strike 0-1: Foul Ball, location: 2F 0-2: Foul Ball, location: 2F 0-2: Strikes out swinging
|
Batting: RHB Ricardo Pacheco
|
0-0: Foul Ball, location: 2F 0-1: Ball 1-1: Ball 2-1: Foul Ball, location: 2F 2-2: SINGLE (Line Drive, 4M)
|
Batting: RHB Santo Alba
|
0-0: Ball 1-0: Ball 2-0: Called Strike 2-1: Foul Ball, location: 2F 2-2: Ball 3-2: SINGLE (Flyball, 8RS) Ricardo Pacheco to second
|
Batting: LHB Francisco Ornelas
|
0-0: Ball 1-0: Called Strike 1-1: Called Strike Ricardo Pacheco steals 3rd base 1-2: Foul Ball, location: 2F 1-2: Foul Ball, location: 2F 1-2: Strikes out swinging Santo Alba steals 2nd base Batter strikes out.
|
Batting: RHB Jim Burch
|
0-0: Fly out, F9 (Flyball, 9LM)
|
Top of the 1st over - 0 runs, 2 hits, 0 errors, 2 left on base; Tortolita 0 - Phoenix 0 |
BOTTOM OF THE 1ST |
Phoenix Hotspur Reserves batting - Pitching for Tortolita Drummers : RHP Christian Harris
|
Pitching: RHP Christian Harris
|
|
Batting: RHB Solomon Norment
|
0-0: Ball 1-0: Ball 2-0: Swinging Strike 2-1: Ground out 6-3 (Groundball, 6S)
|
Batting: RHB Francisco Arriagada
|
0-0: Ball 1-0: Ground out 6-3 (Groundball, 6)
|
Batting: RHB Hieronymus Bosch
|
0-0: Ball 1-0: Swinging Strike 1-1: Foul Ball, location: 2F 1-2: Ball 2-2: SINGLE (Line Drive, 7S)
|
Batting: LHB Jason DeGeorge
|
0-0: Foul Ball, location: 2F 0-1: Called Strike 0-2: Ball 1-2: Foul Ball, location: 2F 1-2: Foul Ball, location: 2F 1-2: Foul Ball, location: 2F 1-2: Ground out 6-3 (Groundball, 6S)
|
Bottom of the 1st over - 0 runs, 1 hit, 0 errors, 1 left on base; Tortolita 0 - Phoenix 0 |
TOP OF THE 2ND |
Tortolita Drummers batting - Pitching for Phoenix Hotspur Reserves : RHP Kenny Kawaguchi
|
Batting: LHB Steve Costillo
|
0-0: Called Strike 0-1: Called Strike 0-2: DOUBLE (Flyball, 89XD)
|
Batting: SHB Cash Masters
|
Balk! Steve Costillo to third 0-0: Ball 1-0: Ground out 1-3 (Groundball, 13)
|
Batting: SHB Anthony Hopkins
|
0-0: Ball Wild Pitch! Steve Costillo scores 1-0: Ball 2-0: Ball 3-0: Base on Balls
|
Batting: SHB Carlos Kramer
|
0-0: Ball 1-0: Fly out, F7 (Flyball, 7D)
|
Batting: RHB Sean Godron
|
0-0: Ball 1-0: Ball 2-0: Foul Ball, location: 2F 2-1: Fielders Choice at 2nd, 5-4 (Groundball, 56)
|
Top of the 2nd over - 1 run, 1 hit, 0 errors, 1 left on base; Tortolita 1 - Phoenix 0 |
BOTTOM OF THE 2ND |
Phoenix Hotspur Reserves batting - Pitching for Tortolita Drummers : RHP Christian Harris
|
Batting: RHB Alex Niemann
|
0-0: Foul Ball, location: 2F 0-1: Ball 1-1: Swinging Strike 1-2: SINGLE (Groundball, 56D)
|
Batting: RHB Jim Justice
|
0-0: Ball 1-0: Foul Ball, location: 2F 1-1: Foul Ball, location: 2F 1-2: Ground out 3-1 (Groundball, 34) Alex Niemann to second
|
Batting: RHB Bernardo Rivera
|
0-0: Ball 1-0: Foul Ball, location: 2F 1-1: SINGLE (Groundball, 4MD) Alex Niemann to third
|
Batting: RHB Satoshi Terada
|
0-0: Ball 1-0: Ball 2-0: Foul Ball, location: 2F 2-1: Swinging Strike 2-2: Ball 3-2: Base on Balls Bernardo Rivera to second
|
Batting: RHB Ryan Pollock
|
0-0: Called Strike 0-1: SINGLE (Groundball, 56D) Alex Niemann scores Bernardo Rivera to third Satoshi Terada to second Runner from 3rd tries for Home, SAFE, no throw
|
Batting: RHB Solomon Norment
|
0-0: Called Strike 0-1: Ball Wild Pitch! Satoshi Terada to third Ryan Pollock to second 1-1: Ball 2-1: Foul Ball, location: 2F 2-2: Ball 3-2: Foul Ball, location: 2F 3-2: Base on Balls
|
Batting: RHB Francisco Arriagada
|
0-0: Ball 1-0: Swinging Strike 1-1: Swinging Strike 1-2: Ball 2-2: Ball 3-2: Foul Ball, location: 2F 3-2: Foul Ball, location: 2F 3-2: Ground out 5-3 (Groundball, 25) Satoshi Terada scores Ryan Pollock to third Solomon Norment to second
|
Batting: RHB Hieronymus Bosch
|
0-0: Called Strike 0-1: Called Strike 0-2: Ball 1-2: Ground out 5-3 (Groundball, 5)
|
Bottom of the 2nd over - 3 runs, 3 hits, 0 errors, 2 left on base; Tortolita 1 - Phoenix 3 |
TOP OF THE 3RD |
Tortolita Drummers batting - Pitching for Phoenix Hotspur Reserves : RHP Kenny Kawaguchi
|
Batting: RHB Ricardo Pacheco
|
0-0: Ball 1-0: Called Strike 1-1: Ball 2-1: Ground out 6-3 (Groundball, 6)
|
Batting: RHB Santo Alba
|
0-0: Called Strike 0-1: Ball 1-1: Called Strike 1-2: Ball 2-2: Strikes out looking
|
Batting: LHB Francisco Ornelas
|
0-0: Ball 1-0: Foul Ball, location: 2F 1-1: Ball 2-1: Ball 3-1: Swinging Strike 3-2: Base on Balls
|
Batting: RHB Jim Burch
|
0-0: Ball 1-0: Ball 2-0: Foul Ball, location: 2F 2-1: Called Strike 2-2: SINGLE (Groundball, 4MD) Francisco Ornelas to second Runner from 2nd tries for 3rd, SAFE, throw made to third
|
Batting: LHB Steve Costillo
|
0-0: Ground out 3-1 (Groundball, 34)
|
Top of the 3rd over - 0 runs, 1 hit, 0 errors, 2 left on base; Tortolita 1 - Phoenix 3 |
BOTTOM OF THE 3RD |
Phoenix Hotspur Reserves batting - Pitching for Tortolita Drummers : RHP Christian Harris
|
Batting: LHB Jason DeGeorge
|
0-0: Ground out 1-3 (Groundball, 15S)
|
Batting: RHB Alex Niemann
|
0-0: Called Strike 0-1: Fly out, F9 (Flyball, 9LM)
|
Batting: RHB Jim Justice
|
0-0: Called Strike 0-1: Ball 1-1: Ball 2-1: Ground out 6-3 (Groundball, 6)
|
Bottom of the 3rd over - 0 runs, 0 hits, 0 errors, 0 left on base; Tortolita 1 - Phoenix 3 |
TOP OF THE 4TH |
Tortolita Drummers batting - Pitching for Phoenix Hotspur Reserves : RHP Kenny Kawaguchi
|
Batting: SHB Cash Masters
|
0-0: Called Strike 0-1: Ball 1-1: Called Strike 1-2: Ball 2-2: Strikes out swinging
|
Batting: SHB Anthony Hopkins
|
0-0: Called Strike 0-1: Ball 1-1: Ground out 6-3 (Groundball, 6M)
|
Batting: SHB Carlos Kramer
|
0-0: Foul Ball, location: 2F 0-1: Foul Ball, location: 2F 0-2: Foul Ball, location: 2F 0-2: Ball 1-2: Strikes out swinging
|
Top of the 4th over - 0 runs, 0 hits, 0 errors, 0 left on base; Tortolita 1 - Phoenix 3 |
BOTTOM OF THE 4TH |
Phoenix Hotspur Reserves batting - Pitching for Tortolita Drummers : RHP Christian Harris
|
Batting: RHB Bernardo Rivera
|
0-0: Ball 1-0: Ground out 6-3 (Groundball, 6M)
|
Batting: RHB Satoshi Terada
|
0-0: Ball 1-0: Foul Ball, location: 2F 1-1: Ball 2-1: SINGLE (Groundball, 4MD)
|
Batting: RHB Ryan Pollock
|
0-0: Swinging Strike 0-1: Hit by Pitch Satoshi Terada to second
|
Batting: RHB Solomon Norment
|
0-0: Ball 1-0: Fly out, F8 (Line Drive, 89M)
|
Batting: RHB Francisco Arriagada
|
0-0: Ball 1-0: Ball 2-0: Foul Ball, location: 2F 2-1: Foul Ball, location: 2F 2-2: Ball 3-2: Base on Balls Satoshi Terada to third Ryan Pollock to second
|
Batting: RHB Hieronymus Bosch
|
0-0: Ball 1-0: Foul Ball, location: 2F 1-1: Ball 2-1: Ball 3-1: Base on Balls Satoshi Terada scores Ryan Pollock to third Francisco Arriagada to second
|
Batting: LHB Jason DeGeorge
|
0-0: Ball 1-0: Ball 2-0: Fly out, F9 (Flyball, 9S)
|
Bottom of the 4th over - 1 run, 1 hit, 0 errors, 3 left on base; Tortolita 1 - Phoenix 4 |
TOP OF THE 5TH |
Tortolita Drummers batting - Pitching for Phoenix Hotspur Reserves : RHP Kenny Kawaguchi
|
Batting: RHB Sean Godron
|
0-0: Foul Ball, location: 2F 0-1: SINGLE (Line Drive, 8LS)
|
Batting: RHB Ricardo Pacheco
|
0-0: Sac Bunt - play at first, batter OUT! 1-3 Sean Godron to second
|
Batting: RHB Santo Alba
|
0-0: Ball 1-0: Called Strike Sean Godron steals 3rd base 1-1: Ball 2-1: Ground out 1-3 (Groundball, 13S)
|
Batting: LHB Francisco Ornelas
|
0-0: Foul Ball, location: 2F 0-1: Swinging Strike 0-2: Ball 1-2: Fly out, F7 (Flyball, 7LM)
|
Top of the 5th over - 0 runs, 1 hit, 0 errors, 1 left on base; Tortolita 1 - Phoenix 4 |
BOTTOM OF THE 5TH |
Phoenix Hotspur Reserves batting - Pitching for Tortolita Drummers : RHP Christian Harris
|
Batting: RHB Alex Niemann
|
0-0: Ball 1-0: Foul Ball, location: 2F 1-1: Swinging Strike 1-2: Ground out 5-3 (Groundball, 56S)
|
Batting: RHB Jim Justice
|
0-0: Ball 1-0: Foul Ball, location: 2F 1-1: Ball 2-1: SINGLE (Groundball, 5D)
|
Batting: RHB Bernardo Rivera
|
0-0: Ball 1-0: Foul Ball, location: 2F 1-1: Ball 2-1: Foul Ball, location: 2F 2-2: Ball 3-2: Base on Balls Jim Justice to second
|
Batting: RHB Satoshi Terada
|
0-0: Foul Ball, location: 2F 0-1: Ball 1-1: Foul Ball, location: 2F 1-2: Foul Ball, location: 2F 1-2: Foul Ball, location: 2F 1-2: Ball 2-2: Strikes out swinging
|
Pitching: RHP Mike Desmond
|
|
Batting: RHB Ryan Pollock
|
0-0: Ball 1-0: SINGLE (Flyball, 7LM) Jim Justice to third Bernardo Rivera to second Runner from 3rd tries for Home, SAFE, no throw
|
Batting: RHB Solomon Norment
|
0-0: Ball 1-0: Ball 2-0: Called Strike 2-1: Called Strike 2-2: Ball 3-2: Foul Ball, location: 2F 3-2: Foul Ball, location: 2F 3-2: Foul Ball, location: 2F 3-2: Ground out 4-3 (Groundball, 4)
|
Bottom of the 5th over - 1 run, 2 hits, 0 errors, 2 left on base; Tortolita 1 - Phoenix 5 |
TOP OF THE 6TH |
Tortolita Drummers batting - Pitching for Phoenix Hotspur Reserves : RHP Kenny Kawaguchi
|
Batting: RHB Jim Burch
|
0-0: Fly out, F8 (Line Drive, 8LD)
|
Batting: LHB Steve Costillo
|
0-0: Ball 1-0: Ball 2-0: Foul Ball, location: 2F 2-1: Fly out, F8 (Flyball, 8RM)
|
Batting: SHB Cash Masters
|
0-0: Swinging Strike 0-1: SINGLE (Line Drive, 6M)
|
Batting: SHB Anthony Hopkins
|
0-0: Ball 1-0: Ball 2-0: TRIPLE (Line Drive, 7D) Cash Masters scores
|
Batting: SHB Carlos Kramer
|
0-0: Fly out, F9 (Line Drive, 9)
|
Top of the 6th over - 1 run, 2 hits, 0 errors, 1 left on base; Tortolita 2 - Phoenix 5 |
BOTTOM OF THE 6TH |
Phoenix Hotspur Reserves batting - Pitching for Tortolita Drummers : RHP Mike Desmond
|
Batting: RHB Francisco Arriagada
|
0-0: Ball 1-0: Called Strike 1-1: Ball 2-1: Fly out, F4 (Popup, 34)
|
Batting: RHB Hieronymus Bosch
|
0-0: Ball 1-0: Foul Ball, location: 2F 1-1: Ball 2-1: SINGLE (Groundball, 6D)
|
Pitching: RHP Gustavo Pérez
|
|
Batting: LHB Jason DeGeorge
|
0-0: Foul Ball, location: 2F 0-1: Foul Ball, location: 2F 0-2: Strikes out swinging
|
Batting: RHB Alex Niemann
|
0-0: Ball 1-0: Ball 2-0: Ball 3-0: Base on Balls Hieronymus Bosch to second
|
Batting: RHB Jim Justice
|
0-0: Called Strike 0-1: Foul Ball, location: 2F 0-2: Fielders Choice at 2nd, 6-4 (Groundball, 6)
|
Bottom of the 6th over - 0 runs, 1 hit, 0 errors, 2 left on base; Tortolita 2 - Phoenix 5 |
TOP OF THE 7TH |
Tortolita Drummers batting - Pitching for Phoenix Hotspur Reserves : RHP Kenny Kawaguchi
|
Batting: RHB Sean Godron
|
0-0: Ball 1-0: Ball 2-0: Foul Ball, location: 2F 2-1: Ball 3-1: Foul Ball, location: 2F 3-2: Fly out, F7 (Line Drive, 78D)
|
Batting: RHB Ricardo Pacheco
|
0-0: Called Strike 0-1: Called Strike 0-2: Strikes out swinging
|
Batting: RHB Santo Alba
|
0-0: Ball 1-0: Swinging Strike 1-1: Fly out, F5 (Line Drive, 5)
|
Top of the 7th over - 0 runs, 0 hits, 0 errors, 0 left on base; Tortolita 2 - Phoenix 5 |
BOTTOM OF THE 7TH |
Phoenix Hotspur Reserves batting - Pitching for Tortolita Drummers : RHP Gustavo Pérez
|
Batting: RHB Bernardo Rivera
|
0-0: Called Strike 0-1: Ball 1-1: Single, Error in OF, E9, batter to second base
|
Batting: RHB Satoshi Terada
|
0-0: Ball 1-0: Called Strike 1-1: Swinging Strike 1-2: Strikes out swinging
|
Batting: RHB Ryan Pollock
|
0-0: Called Strike 0-1: Ground out 4-3 (Groundball, 4D) Bernardo Rivera to third
|
Batting: RHB Solomon Norment
|
0-0: Called Strike 0-1: Swinging Strike 0-2: Ball 1-2: Ball 2-2: Foul Ball, location: 2F 2-2: Fly out, F8 (Flyball, 8LXD)
|
Bottom of the 7th over - 0 runs, 1 hit, 1 error, 1 left on base; Tortolita 2 - Phoenix 5 |
TOP OF THE 8TH |
Tortolita Drummers batting - Pitching for Phoenix Hotspur Reserves : RHP Kenny Kawaguchi
|
Batting: LHB Francisco Ornelas
|
0-0: Ball 1-0: Called Strike 1-1: Foul Ball, location: 2F 1-2: Strikes out swinging
|
Pitching: RHP Dennis Dunn
|
|
Batting: RHB Jim Burch
|
0-0: Fly out, F3 (Popup, 3S)
|
Batting: LHB Steve Costillo
|
0-0: Ball 1-0: Foul Ball, location: 2F 1-1: Ball 2-1: Ball 3-1: Called Strike 3-2: Strikes out looking
|
Top of the 8th over - 0 runs, 0 hits, 0 errors, 0 left on base; Tortolita 2 - Phoenix 5 |
BOTTOM OF THE 8TH |
Phoenix Hotspur Reserves batting - Pitching for Tortolita Drummers : RHP Gustavo Pérez
|
Batting: RHB Francisco Arriagada
|
0-0: Foul Ball, location: 2F 0-1: Foul Ball, location: 2F 0-2: Ball 1-2: Strikes out swinging
|
Batting: RHB Hieronymus Bosch
|
0-0: SINGLE (Flyball, 56D)
|
Batting: LHB Jason DeGeorge
|
0-0: DOUBLE (Line Drive, 9LD) Hieronymus Bosch to third Runner from 3rd tries for Home, SAFE, no throw
|
Batting: RHB Alex Niemann
|
0-0: Intentional Walk
|
Batting: RHB Jim Justice
|
0-0: Ball Jason DeGeorge steals 3rd base Alex Niemann to second 1-0: Foul Ball, location: 2F 1-1: Ball 2-1: Ball 3-1: Base on Balls
|
Batting: RHB Bernardo Rivera
|
0-0: Ball 1-0: Ball 2-0: Fly out, F8 (Flyball, 8LM) Runner from 3rd tags up, SCORES, throw made
|
Batting: RHB Satoshi Terada
|
0-0: Called Strike 0-1: Ball 1-1: Fielders Choice at 2nd, 6-4 (Groundball, 6)
|
Bottom of the 8th over - 2 runs, 2 hits, 0 errors, 2 left on base; Tortolita 2 - Phoenix 7 |
TOP OF THE 9TH |
Tortolita Drummers batting - Pitching for Phoenix Hotspur Reserves : RHP Dennis Dunn
|
Batting: SHB Cash Masters
|
0-0: Foul Ball, location: 2F 0-1: Foul Ball, location: 2F 0-2: Ball 1-2: Ground out 4-3 (Groundball, 4M)
|
Batting: SHB Anthony Hopkins
|
0-0: Swinging Strike 0-1: Ball 1-1: Foul Ball, location: 2F 1-2: Foul Ball, location: 2F 1-2: Foul Ball, location: 2F 1-2: Ball 2-2: Fly out, F5 (Line Drive, 56)
|
Batting: SHB Carlos Kramer
|
0-0: Ball 1-0: SINGLE (Groundball, 4MD)
|
Batting: RHB Sean Godron
|
0-0: Fielders Choice at 2nd, 6-4 (Groundball, 6)
|
Top of the 9th over - 0 runs, 1 hit, 0 errors, 1 left on base; Tortolita 2 - Phoenix 7 |
|